 Dungeon Crawl Stone Soup version 0.22-a0-91-g23542c2 (console) character file.

62 Duffy the Magician (level 3, -4/19 HPs)
             Began as a Deep Elf Wizard on Jan 22, 2018.
             Killed by divine providence
             ... invoked by an orc priest
              (9 damage)
             ... on level 3 of the Dungeon.
             The game lasted 00:02:13 (2377 turns).

Duffy the Magician (Deep Elf Wizard)                Turns: 2377, Time: 00:02:13

Health: -4/19      AC:  2    Str:  4    XL:     3   Next: 85%
Magic:  11/11      EV: 13    Int: 23    God:
Gold:   92         SH:  0    Dex: 13    Spells: 1/12 levels left

rFire    . . .     SeeInvis .   (no weapon)
rCold    . . .     Gourm    .   (no shield)
rNeg     . . .     Faith    .   a - +0 robe
rPois    .         Spirit   .   b - +0 hat
rElec    .         Reflect  .   (no cloak)
rCorr    .         Harm     .   (no gloves)
MR       .....                  (no boots)
Stlth    ++........             (no amulet)
HPRegen  0.06/turn              (no ring)
MPRegen  0.12/turn              (no ring)

@: no status effects
A: no striking features
a: no special abilities


You were on level 3 of the Dungeon.
You were not hungry.

You visited 1 branch of the dungeon, and saw 3 of its levels.

You collected 92 gold pieces.

Inventory:

Armour
 a - a +0 robe (worn)
 b - a +0 hat (worn)
Scrolls
 e - a scroll of enchant weapon {unknown}
 f - 6 scrolls of identify {unknown}
 i - a scroll of magic mapping {unknown}
 j - 3 scrolls of teleportation {unknown}
 k - 2 scrolls of remove curse {unknown}
 l - 2 scrolls of immolation {unknown}
Potions
 g - a potion of brilliance {unknown}
 h - a potion of magic {unknown}
Books
 c - a book of Minor Magic

   Spells                             Type                      Level
   a - Magic Dart                     Conjuration                  1
   b - Blink                          Translocation                2
   c - Call Imp                       Summoning                    2
   d - Slow                           Hexes                        2
   e - Conjure Flame                  Conjuration/Fire             3
   f - Mephitic Cloud                 Conjuration/Poison/Air       3
Comestibles
 d - 6 rations


   Skills:
 - Level 2.4 Dodging
 - Level 2.4 Stealth
 + Level 5.2 Spellcasting
 * Level 3.5 Conjurations
 - Level 1.1 Summonings
 - Level 1.1 Translocations


You had one spell level left.
You knew the following spells:

 Your Spells              Type           Power        Failure   Level  Hunger
a - Magic Dart            Conj           ###.         2%          1    None
h - Call Imp              Summ           ##......     9%          2    None
k - Conjure Flame         Conj/Fire      ##......     14%         3    ##.....
l - Mephitic Cloud        Conj/Pois/Air  ##......     17%         3    ##.....
B - Blink                 Tloc           N/A          9%          2    None


Dungeon Overview and Level Annotations

Branches:
Dungeon (3/15)

Altars:
Ru


Message History

Found a scale mail and a dagger.
An orc priest comes into view. It is wielding a vampiric war axe.
The orc priest shouts!
An orc comes into view. It is wielding a flail.
Cast which spell? (? or * to list)
Aiming: Magic Dart
Press: ? - help, Shift-Dir - straight line, f - orc priest
Aim: an orc priest, wielding a vampiric war axe The magic dart hits the orc priest.
The orc priest is moderately wounded.
The orc shouts!
An orc comes into view.
Things that are here:
a whip; a robe The orc priest mumbles some strange prayers to Beogh against you.
Beogh smites you!
Ouch! That really hurt!
The orc priest calls down the wrath of Beogh upon you.
Beogh smites you!
You die...

### ### ###### #<#
#.. ..... #.# #.# ..!
... #.# #.####.##....
#.#######.#........o.
#.#>.......o.........
#...@...)..o.........
###.#####...#...#[...
#.# #...#..).#.## #.#
#...#..!.# # #.#
#...#.#### #.#
###.... #.# ###.# #.#
.# #.. .


You could see an orc priest and an orc.

Vanquished Creatures
  An adder (D:2)
  A worm (D:2)
  4 dart slugs
  2 leopard geckos
  An orc (D:3)
  2 giant cockroaches (D:1)
  5 goblins
  4 hobgoblins
  4 kobolds
  A quokka (D:2)
  A ball python (D:1)
  2 bats
  4 frilled lizards
  5 rats
37 creatures vanquished.

Vanquished Creatures (collateral kills)
  A worm (D:2)
1 creature vanquished.

Grand Total: 38 creatures vanquished

Notes
Turn   | Place    | Note
-------+----------+-------------------------------------------
     0 | D:1      | Duffy the Deep Elf Wizard began the quest for the Orb.
     0 | D:1      | Reached XP level 1. HP: 10/10 MP: 7/7
   206 | D:1      | Reached XP level 2. HP: 15/15 MP: 0/9
   325 | D:1      | Learned a level 2 spell: Blink
   328 | D:1      | Learned a level 2 spell: Call Imp
  1216 | D:2      | Reached XP level 3. HP: 19/19 MP: 7/11
  1221 | D:2      | Learned a level 3 spell: Conjure Flame
  1225 | D:2      | Learned a level 3 spell: Mephitic Cloud
  1274 | D:2      | Reached skill level 5 in Spellcasting
  1811 | D:2      | Found a sacrificial altar of Ru.
  2377 | D:3      | Killed from afar by an orc priest

Vault maps used:
D:1:      lemuel_arrival_cross, minmay_tall_x
D:2:      nicolae_ru_awakened_eye
D:3:      overflow_temple_1_default, uniq_crazy_yiuf_cottage

Skill      XL: |  1  2  3 |
---------------+----------+-----
Conjurations   | 2 3 |  3.5
Spellcasting   | 5 |  5.2
Dodging        | |  2.4
Stealth        | |  2.4
Summonings     | |  1.1
Translocations | |  1.1

Action                   || total
-------------------------++-------
 Cast: Magic Dart        ||   100
       Call Imp          ||     3
  Eat: Chunk             ||     4
Armor: Robe              ||     2
Dodge: Dodged            ||    11

Table legend:
 A = Spawn XP
 B = Non-spawn XP
 C = Spawn XP percentage of total XP
 D = Spawn monster count
 E = Non-spawn monster count
 F = Spawn count percentage of total count
 G = Total turns spent on level
                    A         B        C        D         E        F      G
               +---------+---------+-------+---------+---------+-------+---------
         Total |       0 |      89 |   0.0 |       0 |      38 |   0.0 |  2377
               +---------+---------+-------+---------+---------+-------+---------
           D:1 |       0 |      39 |   0.0 |       0 |      19 |   0.0 |  1256
           D:2 |       0 |      46 |   0.0 |       0 |      17 |   0.0 |  1056
           D:3 |       0 |       4 |   0.0 |       0 |       2 |   0.0 |    65
               +---------+---------+-------+---------+---------+-------+---------
